Sharks vs BlackHawks

Created - December 13 2010 at 18:11

Goals
1 2 3 T
Sharks 0 0 0 0
BlackHawks 1 2 1 4
Shots
1 2 3 T
Sharks 7 9 12 28
BlackHawks 4 3 9 16

Period #1

1. BlackHawks , Cory Stillman 10 (Tobias Enstrom, Ales Hemsky) at 2:03 (PP)

Penalties :
Bryan McCabe (SJS) for High sticking (Minor) at 0:31, Nick Foligno (SJS) for Hooking (Minor) at 2:12, Adam Foote (CHI) for Boarding (Minor) at 7:37, Blake Comeau (SJS) for Cross-checking (Minor) at 9:17, Hal Gill (CHI) for Slashing (Minor) at 15:26

Period #2

2. BlackHawks , Tyler Kennedy 7 (Ron Hainsey, Hal Gill) at 0:47
3. BlackHawks , David Booth 5 (Ron Hainsey, Cristobal Huet) at 17:35 (PP)

Penalties :
Johnny Boychuk (SJS) for Tripping (Minor) at 2:56, Adam Foote (CHI) for Hooking (Minor) at 7:24, Johnny Boychuk (SJS) for Hooking (Minor) at 15:54, Erik Christensen (SJS) for Hooking (Minor) at 18:08

Period #3

4. BlackHawks , Kris Russell 4 (Cory Stillman, Ales Hemsky) at 15:54

Penalties :
Chris Neil (CHI) for Hooking (Minor) at 6:09, Adam Foote (CHI) for Hooking (Minor) at 9:40, Kris Russell (CHI) for Hooking (Minor) at 12:59, Eric Brewer (SJS) for Hooking (Minor) at 17:59

Goalie Stats

Scott Clemmensen (SJS), 12 saves from 16 shots - (0.750), L, 1-3-0, 60:00 minutes
Cristobal Huet (CHI), 28 saves from 28 shots - (1.000), W, 13-16-2, 60:00 minutes

Players Stats

Sharks
Player Name              G  A  P  +/- PIM S  H  SB FO    MP 
------------------------------------------------------------
Alex Tanguay             0  0  0   0  0   0  0  0  0/0   11 
Blake Comeau             0  0  0   0  2   1  1  0  1/1   18 
Brad Staubitz            0  0  0  -1  0   0  1  0  0/0   11 
Bryan McCabe             0  0  0   0  2   1  0  0  0/0   24 
Dainius Zubrus           0  0  0  -1  0   1  0  0  0/1   13 
Eric Brewer              0  0  0  -1  2   1  0  0  0/0   12 
Erik Christensen         0  0  0   0  2   2  1  0  7/12  10 
Francois Beauchemin      0  0  0  -1  0   3  1  3  0/0   24 
Jarret Stoll             0  0  0  -1  0   2  1  0  12/23 20 
Johnny Boychuk           0  0  0   0  4   1  2  0  0/0   19 
Kamil Kreps              0  0  0  -1  0   1  0  0  5/10  11 
Marc Savard              0  0  0   0  0   3  0  0  11/19 18 
Marek Zidlicky           0  0  0  -1  0   2  0  2  0/0   22 
Mason Raymond            0  0  0   0  0   2  2  0  1/2   15 
Nick Foligno             0  0  0   0  2   1  2  0  0/0   10 
Shane Doan               0  0  0  -1  0   5  1  0  1/2   21 
Shane OBrien             0  0  0  -1  0   1  2  1  0/0   18 
Tom Kostopoulos          0  0  0  -1  0   1  2  0  0/0   11 
BlackHawks
Player Name              G  A  P  +/- PIM S  H  SB FO    MP 
------------------------------------------------------------
Adam Foote               0  0  0   0  6   0  1  1  0/0   14 
Ales Hemsky              0  2  2   1  0   0  0  0  1/2   17 
Artem Anisimov           0  0  0   1  0   0  0  1  7/18  14 
Chris Neil               0  0  0   0  2   0  0  0  1/1   15 
Cory Stillman            1  1  2   1  0   4  2  0  0/1   16 
David Booth              1  0  1   1  0   1  4  0  0/1   16 
Hal Gill                 0  1  1   1  2   0  4  2  0/0   18 
Josh Bailey              0  0  0   0  0   2  0  0  0/1   16 
Kris Russell             1  0  1   1  2   1  0  1  0/0   19 
Matt DAgostini           0  0  0   0  0   0  1  0  0/0   9  
Mattias Ohlund           0  0  0   0  0   1  4  1  0/0   22 
Patrik Berglund          0  0  0   1  0   1  0  0  7/12  16 
Paul Kariya              0  0  0   0  0   0  0  0  0/2   6  
Ron Hainsey              0  2  2   1  0   1  0  3  0/0   21 
Samuel Pahlsson          0  0  0   0  0   3  2  0  8/14  12 
Tobias Enstrom           0  1  1   1  0   0  0  0  0/0   22 
Tyler Kennedy            1  0  1   1  0   1  2  0  0/1   16 
Wayne Primeau            0  0  0   0  0   1  1  0  8/17  16 

3 Stars

1 - Cristobal Huet (CHI)
2 - Cory Stillman (CHI)
3 - David Booth (CHI)

Power Play

Sharks - 0 on 6 Attempt(s) - 0.00%
BlackHawks - 2 on 7 Attempt(s) - 28.57%

Penalty Kill

Sharks - 5 on 7 Attempt(s) - 71.43% - Score 0 goal in Penalty Kill
BlackHawks - 6 on 6 Attempt(s) - 100.00% - Score 0 goal in Penalty Kill

Game Notes

No Game Note

Finance

Level 1 -- Attendance: 6393 (98.35%) -- Ticket Income $543,405.00
Level 2 -- Attendance: 3626 (72.52%) -- Ticket Income $199,430.00
Level 3 -- Attendance: 3500 (100.00%) -- Ticket Income $105,000.00
Level 4 -- Attendance: 2543 (56.51%) -- Ticket Income $50,860.00
Luxury Box -- Attendance: 884 (88.40%) -- Ticket Income $154,700.00
Game was played at the United Center
Total Attendance: 16946 (82.66%)
Total Ticket Income: $1,076,282.00
Other Income: $198,915.60
Total Income: $1,275,198.00


Play by Play

Period #1

0:01 of 1st period - Marc Savard wins face-off versus Artem Anisimov in neutral zone.
0:09 of 1st period - Mason Raymond is hit by Mattias Ohlund and loses puck.
0:31 of 1st period - Minor Penalty to Bryan McCabe for High sticking.
0:32 of 1st period - Patrik Berglund wins face-off versus Jarret Stoll in Sharks zone.
1:26 of 1st period - Shane OBrien is hit by Tyler Kennedy and loses puck.
2:03 of 1st period - Shot by Cory Stillman.
2:03 of 1st period - Goal by Cory Stillman - Sharks : 0 - BlackHawks : 1.
2:04 of 1st period - Erik Christensen wins face-off versus Wayne Primeau in neutral zone.
2:12 of 1st period - Minor Penalty to Nick Foligno for Hooking.
2:13 of 1st period - Jarret Stoll wins face-off versus Artem Anisimov in Sharks zone.
2:32 of 1st period - Shot by Ales Hemsky.
2:32 of 1st period - Shot Misses the Net.
2:34 of 1st period - Shot by Cory Stillman.
2:34 of 1st period - Deflect By Artem Anisimov.
2:34 of 1st period - Shot Blocked by Francois Beauchemin.
2:36 of 1st period - Shot by Kris Russell.
2:36 of 1st period - Shot Misses the Net.
2:40 of 1st period - Shot by Ales Hemsky.
2:40 of 1st period - Deflect By Cory Stillman.
2:40 of 1st period - Stopped by Scott Clemmensen without a rebound.
2:41 of 1st period - Artem Anisimov wins face-off versus Jarret Stoll in Sharks zone.
3:54 of 1st period - Icing by Samuel Pahlsson.
3:55 of 1st period - Marc Savard wins face-off versus Paul Kariya in BlackHawks zone.
3:59 of 1st period - Marc Savard is hit by Hal Gill and loses puck.
4:16 of 1st period - Shane OBrien is hit by Wayne Primeau and loses puck.
4:22 of 1st period - Matt DAgostini is hit by Shane OBrien and loses puck.
4:27 of 1st period - Shot by Wayne Primeau.
4:27 of 1st period - Shot Blocked by Shane OBrien.
4:31 of 1st period - Shot by Josh Bailey.
4:31 of 1st period - Stopped by Scott Clemmensen without a rebound.
4:32 of 1st period - Kamil Kreps wins face-off versus Paul Kariya in Sharks zone.
4:51 of 1st period - Shot by Tom Kostopoulos.
4:51 of 1st period - Deflect By Kamil Kreps.
4:51 of 1st period - Stopped by Cristobal Huet with a rebound.
5:51 of 1st period - Off-side.
5:52 of 1st period - Jarret Stoll wins face-off versus Patrik Berglund in neutral zone.
6:15 of 1st period - Shot by Jarret Stoll.
6:15 of 1st period - Shot Misses the Net.
7:22 of 1st period - Shot by Francois Beauchemin.
7:22 of 1st period - Deflect By Tom Kostopoulos.
7:22 of 1st period - Shot Blocked by Adam Foote.
7:24 of 1st period - Shot by Francois Beauchemin.
7:24 of 1st period - Deflect By Tom Kostopoulos.
7:24 of 1st period - Shot Blocked by Kris Russell.
7:37 of 1st period - Minor Penalty to Adam Foote for Boarding.
7:38 of 1st period - Samuel Pahlsson wins face-off versus Marc Savard in BlackHawks zone.
7:38 of 1st period - Samuel Pahlsson is hit by Blake Comeau.
8:26 of 1st period - Shot by Marek Zidlicky.
8:26 of 1st period - Shot Misses the Net.
8:30 of 1st period - Shot by Jarret Stoll.
8:30 of 1st period - Stopped by Cristobal Huet without a rebound.
8:31 of 1st period - Jarret Stoll wins face-off versus Wayne Primeau in BlackHawks zone.
8:32 of 1st period - Shot by Francois Beauchemin.
8:32 of 1st period - Stopped by Cristobal Huet without a rebound.
8:33 of 1st period - Wayne Primeau wins face-off versus Jarret Stoll in BlackHawks zone.
8:48 of 1st period - Shot by Jarret Stoll.
8:48 of 1st period - Shot Misses the Net.
8:50 of 1st period - Shot by Jarret Stoll.
8:50 of 1st period - Shot Misses the Net.
9:02 of 1st period - Shot by Shane Doan.
9:02 of 1st period - Stopped by Cristobal Huet without a rebound.
9:03 of 1st period - Marc Savard wins face-off versus Josh Bailey in BlackHawks zone.
9:06 of 1st period - Shot by Mason Raymond.
9:06 of 1st period - Shot Blocked by Mattias Ohlund.
9:08 of 1st period - Shot by Bryan McCabe.
9:08 of 1st period - Shot Blocked by Ron Hainsey.
9:10 of 1st period - Shot by Blake Comeau.
9:10 of 1st period - Shot Misses the Net.
9:17 of 1st period - Minor Penalty to Blake Comeau for Cross-checking.
9:18 of 1st period - Marc Savard wins face-off versus Ales Hemsky in Sharks zone.
9:27 of 1st period - Cory Stillman is hit by Mason Raymond and loses puck.
10:44 of 1st period - Shot by Cory Stillman.
10:44 of 1st period - Shot Misses the Net.
11:19 of 1st period - Icing by Tyler Kennedy.
11:20 of 1st period - Kamil Kreps wins face-off versus Wayne Primeau in BlackHawks zone.
11:28 of 1st period - Wayne Primeau is hit by Francois Beauchemin and loses puck.
11:33 of 1st period - Shot by Chris Neil.
11:33 of 1st period - Shot Misses the Net.
11:37 of 1st period - Shot by Josh Bailey.
11:37 of 1st period - Stopped by Scott Clemmensen without a rebound.
11:38 of 1st period - Marc Savard wins face-off versus Samuel Pahlsson in Sharks zone.
11:38 of 1st period - Marc Savard is hit by Samuel Pahlsson.
11:41 of 1st period - Johnny Boychuk is hit by Matt DAgostini and loses puck.
11:56 of 1st period - Shot by Marc Savard.
11:56 of 1st period - Shot Misses the Net.
12:01 of 1st period - Tobias Enstrom is hit by Johnny Boychuk and loses puck.
14:04 of 1st period - Shot by Nick Foligno.
14:04 of 1st period - Shot Blocked by Artem Anisimov.
14:29 of 1st period - Icing by Tobias Enstrom.
14:30 of 1st period - Artem Anisimov wins face-off versus Dainius Zubrus in BlackHawks zone.
14:30 of 1st period - Artem Anisimov is hit by Shane Doan.
15:26 of 1st period - Minor Penalty to Hal Gill for Slashing.
15:27 of 1st period - Blake Comeau wins face-off versus Samuel Pahlsson in BlackHawks zone.
16:32 of 1st period - Icing by Francois Beauchemin.
16:33 of 1st period - Jarret Stoll wins face-off versus Samuel Pahlsson in Sharks zone.
17:09 of 1st period - Shot by Eric Brewer.
17:09 of 1st period - Shot Misses the Net.
17:11 of 1st period - Shot by Johnny Boychuk.
17:11 of 1st period - Stopped by Cristobal Huet without a rebound.
17:12 of 1st period - Wayne Primeau wins face-off versus Kamil Kreps in BlackHawks zone.
17:28 of 1st period - Johnny Boychuk is hit by Hal Gill and loses puck.
17:47 of 1st period - Shot by Tom Kostopoulos.
17:47 of 1st period - Deflect By Kamil Kreps.
17:47 of 1st period - Shot Misses the Net.
18:29 of 1st period - Bryan McCabe is hit by Mattias Ohlund and loses puck.
18:34 of 1st period - Shot by Erik Christensen.
18:34 of 1st period - Stopped by Cristobal Huet without a rebound.
18:35 of 1st period - Jarret Stoll wins face-off versus Wayne Primeau in BlackHawks zone.
18:35 of 1st period - Dainius Zubrus is hit by Adam Foote and loses puck.
19:17 of 1st period - Off-side.
19:18 of 1st period - Erik Christensen wins face-off versus Samuel Pahlsson in neutral zone.
19:29 of 1st period - Shot by Nick Foligno.
19:29 of 1st period - Stopped by Cristobal Huet without a rebound.
19:30 of 1st period - Artem Anisimov wins face-off versus Marc Savard in BlackHawks zone.
19:30 of 1st period - Artem Anisimov is hit by Mason Raymond.

Period #2

0:01 of 2nd period - Mason Raymond wins face-off versus Artem Anisimov in neutral zone.
0:20 of 2nd period - Shot by Mason Raymond.
0:20 of 2nd period - Deflect By Blake Comeau.
0:20 of 2nd period - Stopped by Cristobal Huet without a rebound.
0:21 of 2nd period - Patrik Berglund wins face-off versus Jarret Stoll in BlackHawks zone.
0:36 of 2nd period - Marek Zidlicky is hit by Hal Gill and loses puck.
0:43 of 2nd period - Shot by Tyler Kennedy.
0:43 of 2nd period - Shot Blocked by Francois Beauchemin.
0:47 of 2nd period - Shot by Tyler Kennedy.
0:47 of 2nd period - Goal by Tyler Kennedy - Sharks : 0 - BlackHawks : 2.
0:48 of 2nd period - Erik Christensen wins face-off versus Wayne Primeau in neutral zone.
2:20 of 2nd period - Icing by Eric Brewer.
2:21 of 2nd period - Patrik Berglund wins face-off versus Kamil Kreps in Sharks zone.
2:30 of 2nd period - Shot by Tyler Kennedy.
2:30 of 2nd period - Shot Misses the Net.
2:56 of 2nd period - Minor Penalty to Johnny Boychuk for Tripping.
2:57 of 2nd period - Jarret Stoll wins face-off versus Artem Anisimov in Sharks zone.
3:59 of 2nd period - Icing by Mattias Ohlund.
4:00 of 2nd period - Marc Savard wins face-off versus Patrik Berglund in BlackHawks zone.
4:17 of 2nd period - Shot by Tyler Kennedy.
4:17 of 2nd period - Shot Misses the Net.
4:24 of 2nd period - Icing by David Booth.
4:25 of 2nd period - Patrik Berglund wins face-off versus Jarret Stoll in BlackHawks zone.
4:27 of 2nd period - Icing by David Booth.
4:28 of 2nd period - Patrik Berglund wins face-off versus Jarret Stoll in BlackHawks zone.
4:37 of 2nd period - Shot by Tyler Kennedy.
4:37 of 2nd period - Shot Misses the Net.
6:06 of 2nd period - Shot by Marc Savard.
6:06 of 2nd period - Stopped by Cristobal Huet without a rebound.
6:07 of 2nd period - Artem Anisimov wins face-off versus Erik Christensen in BlackHawks zone.
6:07 of 2nd period - Artem Anisimov is hit by Nick Foligno.
7:08 of 2nd period - Shot by Mason Raymond.
7:08 of 2nd period - Stopped by Cristobal Huet without a rebound.
7:09 of 2nd period - Jarret Stoll wins face-off versus Wayne Primeau in BlackHawks zone.
7:14 of 2nd period - Shot by Shane Doan.
7:14 of 2nd period - Stopped by Cristobal Huet without a rebound.
7:15 of 2nd period - Jarret Stoll wins face-off versus Wayne Primeau in BlackHawks zone.
7:18 of 2nd period - Shot by Jarret Stoll.
7:18 of 2nd period - Shot Misses the Net.
7:20 of 2nd period - Shot by Shane Doan.
7:20 of 2nd period - Shot Misses the Net.
7:24 of 2nd period - Minor Penalty to Adam Foote for Hooking.
7:25 of 2nd period - Wayne Primeau wins face-off versus Marc Savard in BlackHawks zone.
7:36 of 2nd period - Shot by Marc Savard.
7:36 of 2nd period - Stopped by Cristobal Huet without a rebound.
7:37 of 2nd period - Samuel Pahlsson wins face-off versus Jarret Stoll in BlackHawks zone.
8:31 of 2nd period - Shot by Bryan McCabe.
8:31 of 2nd period - Shot Misses the Net.
8:33 of 2nd period - Shot by Mason Raymond.
8:33 of 2nd period - Shot Misses the Net.
8:35 of 2nd period - Shot by Mason Raymond.
8:35 of 2nd period - Shot Misses the Net.
9:27 of 2nd period - Icing by Artem Anisimov.
9:28 of 2nd period - Kamil Kreps wins face-off versus Artem Anisimov in BlackHawks zone.
11:26 of 2nd period - Mason Raymond is hit by Mattias Ohlund and loses puck.
11:59 of 2nd period - Shot by Eric Brewer.
11:59 of 2nd period - Stopped by Cristobal Huet without a rebound.
12:00 of 2nd period - Patrik Berglund wins face-off versus Erik Christensen in BlackHawks zone.
12:20 of 2nd period - Icing by Bryan McCabe.
12:21 of 2nd period - Wayne Primeau wins face-off versus Erik Christensen in Sharks zone.
12:50 of 2nd period - Shot by Shane Doan.
12:50 of 2nd period - Shot Misses the Net.
12:54 of 2nd period - Shot by Dainius Zubrus.
12:54 of 2nd period - Stopped by Cristobal Huet without a rebound.
12:55 of 2nd period - Patrik Berglund wins face-off versus Marc Savard in BlackHawks zone.
13:28 of 2nd period - Shot by Marc Savard.
13:28 of 2nd period - Stopped by Cristobal Huet without a rebound.
13:29 of 2nd period - Jarret Stoll wins face-off versus Artem Anisimov in BlackHawks zone.
13:36 of 2nd period - Shot by Jarret Stoll.
13:36 of 2nd period - Shot Misses the Net.
13:38 of 2nd period - Shot by Shane Doan.
13:38 of 2nd period - Shot Misses the Net.
13:40 of 2nd period - Shot by Francois Beauchemin.
13:40 of 2nd period - Stopped by Cristobal Huet without a rebound.
13:41 of 2nd period - Samuel Pahlsson wins face-off versus Erik Christensen in BlackHawks zone.
14:11 of 2nd period - Erik Christensen is hit by Samuel Pahlsson and loses puck.
15:34 of 2nd period - Off-side.
15:35 of 2nd period - Kamil Kreps wins face-off versus Artem Anisimov in neutral zone.
15:46 of 2nd period - Artem Anisimov is hit by Johnny Boychuk and loses puck.
15:54 of 2nd period - Minor Penalty to Johnny Boychuk for Hooking.
15:55 of 2nd period - Marc Savard wins face-off versus Patrik Berglund in Sharks zone.
15:55 of 2nd period - Marc Savard is hit by David Booth.
16:33 of 2nd period - Shot by Ron Hainsey.
16:33 of 2nd period - Stopped by Scott Clemmensen with a rebound.
17:35 of 2nd period - Shot by David Booth.
17:35 of 2nd period - Goal by David Booth - Sharks : 0 - BlackHawks : 3.
17:36 of 2nd period - Erik Christensen wins face-off versus Wayne Primeau in neutral zone.
17:41 of 2nd period - Chris Neil is hit by Nick Foligno and loses puck.
18:08 of 2nd period - Minor Penalty to Erik Christensen for Hooking.
18:09 of 2nd period - Marc Savard wins face-off versus Cory Stillman in Sharks zone.
18:27 of 2nd period - Marek Zidlicky is hit by Cory Stillman and loses puck.

Period #3

0:01 of 3rd period - Artem Anisimov wins face-off versus Marc Savard in neutral zone.
0:18 of 3rd period - Shot by Tyler Kennedy.
0:18 of 3rd period - Shot Misses the Net.
0:30 of 3rd period - Shot by Jarret Stoll.
0:30 of 3rd period - Stopped by Cristobal Huet with a rebound.
0:34 of 3rd period - Shot by Shane Doan.
0:34 of 3rd period - Shot Misses the Net.
0:36 of 3rd period - Shot by Marek Zidlicky.
0:36 of 3rd period - Shot Misses the Net.
0:38 of 3rd period - Shot by Jarret Stoll.
0:38 of 3rd period - Shot Misses the Net.
0:42 of 3rd period - Shot by Shane Doan.
0:42 of 3rd period - Stopped by Cristobal Huet without a rebound.
0:43 of 3rd period - Marc Savard wins face-off versus Artem Anisimov in BlackHawks zone.
0:44 of 3rd period - Shot by Mason Raymond.
0:44 of 3rd period - Stopped by Cristobal Huet without a rebound.
0:45 of 3rd period - Marc Savard wins face-off versus Artem Anisimov in BlackHawks zone.
2:02 of 3rd period - Shot by Josh Bailey.
2:02 of 3rd period - Deflect By Chris Neil.
2:02 of 3rd period - Shot Misses the Net.
2:12 of 3rd period - Shot by Tom Kostopoulos.
2:12 of 3rd period - Stopped by Cristobal Huet with a rebound.
2:14 of 3rd period - Shot by Francois Beauchemin.
2:14 of 3rd period - Stopped by Cristobal Huet without a rebound.
2:15 of 3rd period - Shane Doan wins face-off versus Tyler Kennedy in BlackHawks zone.
2:20 of 3rd period - Shot by Jarret Stoll.
2:20 of 3rd period - Deflect By Shane Doan.
2:20 of 3rd period - Stopped by Cristobal Huet with a rebound.
3:14 of 3rd period - Shot by Paul Kariya.
3:14 of 3rd period - Shot Misses the Net.
3:16 of 3rd period - Shot by Matt DAgostini.
3:16 of 3rd period - Deflect By Paul Kariya.
3:16 of 3rd period - Shot Hit the Post.
3:18 of 3rd period - Shot by Samuel Pahlsson.
3:18 of 3rd period - Stopped by Scott Clemmensen without a rebound.
3:19 of 3rd period - Erik Christensen wins face-off versus Wayne Primeau in Sharks zone.
3:24 of 3rd period - Shot by Bryan McCabe.
3:24 of 3rd period - Stopped by Cristobal Huet with a rebound.
4:46 of 3rd period - Shot by Ales Hemsky.
4:46 of 3rd period - Deflect By Cory Stillman.
4:46 of 3rd period - Stopped by Scott Clemmensen without a rebound.
4:47 of 3rd period - Marc Savard wins face-off versus David Booth in Sharks zone.
4:47 of 3rd period - Marc Savard is hit by David Booth.
5:16 of 3rd period - Marc Savard is hit by David Booth and loses puck.
5:49 of 3rd period - Shot by Shane Doan.
5:49 of 3rd period - Shot Misses the Net.
5:51 of 3rd period - Shot by Dainius Zubrus.
5:51 of 3rd period - Shot Hit the Post.
5:55 of 3rd period - Shot by Shane Doan.
5:55 of 3rd period - Shot Blocked by Hal Gill.
5:57 of 3rd period - Shot by Dainius Zubrus.
5:57 of 3rd period - Shot Misses the Net.
5:59 of 3rd period - Shot by Shane OBrien.
5:59 of 3rd period - Stopped by Cristobal Huet without a rebound.
6:00 of 3rd period - Chris Neil wins face-off versus Kamil Kreps in BlackHawks zone.
6:00 of 3rd period - Chris Neil is hit by Brad Staubitz.
6:05 of 3rd period - Josh Bailey is hit by Tom Kostopoulos and loses puck.
6:09 of 3rd period - Minor Penalty to Chris Neil for Hooking.
6:10 of 3rd period - Wayne Primeau wins face-off versus Jarret Stoll in BlackHawks zone.
6:10 of 3rd period - Wayne Primeau is hit by Jarret Stoll.
6:34 of 3rd period - Shot by Marek Zidlicky.
6:34 of 3rd period - Stopped by Cristobal Huet without a rebound.
6:35 of 3rd period - Wayne Primeau wins face-off versus Marc Savard in BlackHawks zone.
7:52 of 3rd period - Icing by Mason Raymond.
7:53 of 3rd period - Samuel Pahlsson wins face-off versus Marc Savard in Sharks zone.
8:06 of 3rd period - Shot by Samuel Pahlsson.
8:06 of 3rd period - Stopped by Scott Clemmensen without a rebound.
8:07 of 3rd period - Wayne Primeau wins face-off versus Shane Doan in Sharks zone.
8:18 of 3rd period - Icing by Ales Hemsky.
8:19 of 3rd period - Erik Christensen wins face-off versus Artem Anisimov in BlackHawks zone.
8:22 of 3rd period - Shot by Erik Christensen.
8:22 of 3rd period - Stopped by Cristobal Huet without a rebound.
8:23 of 3rd period - Samuel Pahlsson wins face-off versus Kamil Kreps in BlackHawks zone.
8:42 of 3rd period - Shot by Samuel Pahlsson.
8:42 of 3rd period - Stopped by Scott Clemmensen without a rebound.
8:43 of 3rd period - Wayne Primeau wins face-off versus Erik Christensen in Sharks zone.
8:52 of 3rd period - Shot by Josh Bailey.
8:52 of 3rd period - Shot Misses the Net.
9:40 of 3rd period - Minor Penalty to Adam Foote for Hooking.
9:41 of 3rd period - Ales Hemsky wins face-off versus Jarret Stoll in BlackHawks zone.
9:53 of 3rd period - Shot by Marek Zidlicky.
9:53 of 3rd period - Stopped by Cristobal Huet without a rebound.
9:54 of 3rd period - Samuel Pahlsson wins face-off versus Mason Raymond in BlackHawks zone.
10:08 of 3rd period - Bryan McCabe is hit by Hal Gill and loses puck.
10:19 of 3rd period - Shot by Blake Comeau.
10:19 of 3rd period - Shot Blocked by Ron Hainsey.
10:21 of 3rd period - Shot by Mason Raymond.
10:21 of 3rd period - Shot Blocked by Hal Gill.
10:53 of 3rd period - Shot by Shane Doan.
10:53 of 3rd period - Stopped by Cristobal Huet without a rebound.
10:54 of 3rd period - Samuel Pahlsson wins face-off versus Jarret Stoll in BlackHawks zone.
11:10 of 3rd period - Jarret Stoll is hit by Mattias Ohlund and loses puck.
11:26 of 3rd period - Icing by Marek Zidlicky.
11:27 of 3rd period - Jarret Stoll wins face-off versus Samuel Pahlsson in Sharks zone.
11:57 of 3rd period - Cory Stillman is hit by Shane OBrien and loses puck.
12:05 of 3rd period - Off-side.
12:06 of 3rd period - Kamil Kreps wins face-off versus Patrik Berglund in neutral zone.
12:09 of 3rd period - Shot by Eric Brewer.
12:09 of 3rd period - Shot Blocked by Ron Hainsey.
12:59 of 3rd period - Minor Penalty to Kris Russell for Hooking.
13:00 of 3rd period - Jarret Stoll wins face-off versus Samuel Pahlsson in BlackHawks zone.
15:50 of 3rd period - Shot by Cory Stillman.
15:50 of 3rd period - Shot Misses the Net.
15:52 of 3rd period - Shot by Cory Stillman.
15:52 of 3rd period - Shot Misses the Net.
15:54 of 3rd period - Shot by Kris Russell.
15:54 of 3rd period - Goal by Kris Russell - Sharks : 0 - BlackHawks : 4.
15:55 of 3rd period - Samuel Pahlsson wins face-off versus Jarret Stoll in neutral zone.
16:44 of 3rd period - Shot by Josh Bailey.
16:44 of 3rd period - Shot Blocked by Francois Beauchemin.
16:48 of 3rd period - Shot by Wayne Primeau.
16:48 of 3rd period - Stopped by Scott Clemmensen without a rebound.
16:49 of 3rd period - Erik Christensen wins face-off versus Patrik Berglund in Sharks zone.
16:49 of 3rd period - Erik Christensen is hit by Tyler Kennedy.
17:07 of 3rd period - Ron Hainsey is hit by Erik Christensen and loses puck.
17:22 of 3rd period - Shot by Alex Tanguay.
17:22 of 3rd period - Shot Misses the Net.
17:39 of 3rd period - Off-side.
17:40 of 3rd period - Artem Anisimov wins face-off versus Kamil Kreps in neutral zone.
17:40 of 3rd period - Artem Anisimov is hit by Tom Kostopoulos.
17:58 of 3rd period - Shot by Cory Stillman.
17:58 of 3rd period - Stopped by Scott Clemmensen with a rebound.
17:59 of 3rd period - Minor Penalty to Eric Brewer for Hooking.
18:00 of 3rd period - Jarret Stoll wins face-off versus Artem Anisimov in Sharks zone.
18:00 of 3rd period - Jarret Stoll is hit by Cory Stillman.
18:49 of 3rd period - Shot by Mattias Ohlund.
18:49 of 3rd period - Stopped by Scott Clemmensen with a rebound.
18:51 of 3rd period - Shot by Ron Hainsey.
18:51 of 3rd period - Shot Misses the Net.
18:59 of 3rd period - Shot by Mattias Ohlund.
18:59 of 3rd period - Shot Blocked by Marek Zidlicky.
19:03 of 3rd period - Shot by Ron Hainsey.
19:03 of 3rd period - Shot Blocked by Marek Zidlicky.
19:07 of 3rd period - Shot by Patrik Berglund.
19:07 of 3rd period - Stopped by Scott Clemmensen without a rebound.
19:08 of 3rd period - Artem Anisimov wins face-off versus Marc Savard in Sharks zone.
19:51 of 3rd period - Johnny Boychuk is hit by David Booth and loses puck.


Output by the SimonT Hockey Simulator (STHS) for Stephane Roy -- Original Page W3C XHTML 1.0 Valid